 Dungeon Crawl Stone Soup version 0.24.0-37-gcf1ca852f1 (webtiles) character file.

Game seed: 7561515374661431366, levelgen mode: deterministic

31 Descartes the Skirmisher (level 3, 0/30 HPs)
             Began as a Formicid Abyssal Knight on Dec 7, 2019.
             Was a Believer of Lugonu.
             Succumbed to an adder's poison
             ... on level 2 of the Dungeon.
             The game lasted 00:06:53 (1538 turns).

Descartes the Skirmisher (Formicid Abyssal Knight)  Turns: 1538, Time: 00:06:53

Health: 0/30       AC:  3    Str: 17    XL:     3   Next: 40%
Magic:  5/5        EV: 16    Int: 11    God:    Lugonu [**....]
Gold:   105        SH:  5    Dex: 15    Spells: 2/2 levels left

rFire    . . .     SeeInvis +   a - +1 hand axe
rCold    . . .     Gourm    .   (no shield)
rNeg     . . .     Faith    .   b - +0 leather armour
rPois    .         Spirit   .   (helmet unavailable)
rElec    .         Reflect  +   (no cloak)
rCorr    .         Harm     .   (no gloves)
MR       .....                  (no boots)
Stlth    ++........             t - +5 amulet of reflection
HPRegen  0.10/turn              (no ring)
MPRegen  0.09/turn              (no ring)

@: agile, lethally poisoned (0 -> -17), flying
A: permanent stasis, dig shafts and tunnels, four strong arms, antennae 3
a: Dig, Shaft Self, Depart the Abyss, Bend Space, Renounce Religion


You were on level 2 of the Dungeon.
You worshipped Lugonu.
Lugonu was pleased with you.
You were not hungry.

You visited 1 branch of the dungeon, and saw 2 of its levels.
You visited the Abyss 1 time.

You collected 105 gold pieces.

Inventory:

Hand Weapons
 a - a +1 hand axe (weapon)
Missiles
 d - 20 bolts
 e - 102 stones (quivered)
 k - 29 arrows
 r - 17 sling bullets
Armour
 b - a +0 leather armour (worn)
Jewellery
 t - a +5 amulet of reflection (around neck)
 v - a cursed -3 ring of evasion {unknown}
Wands
 o - a wand of flame (17)
Scrolls
 h - a scroll of fog {unknown}
 j - 4 scrolls of identify {unknown}
 l - a scroll of immolation {unknown}
 m - a scroll of magic mapping {unknown}
 p - a scroll of remove curse {unknown}
Potions
 f - a potion of agility
 n - a potion of curing {unknown}
 s - a potion of haste {unknown}
 u - a potion of resistance {unknown}
Comestibles
 c - 6 rations
 q - 3 chunks of flesh


   Skills:
 + Level 3.6 Fighting
 - Level 2.5 Axes
 + Level 2.4 Armour
 + Level 1.0 Dodging
 + Level 2.8 Invocations
 + Level 0.1 Evocations


You had 2 spell levels left.
You didn't know any spells.
Your spell library was empty.

Dungeon Overview and Level Annotations

Branches:
Dungeon (2/15)

Altars:
Hepliaklqana


Innate Abilities, Weirdness & Mutations

You cannot be hasted, slowed, berserked, paralysed or teleported.
You can dig through walls and to a lower floor.
Your four strong arms can wield two-handed weapons with a shield.
You have a pair of large antennae on your head. (SInv)


Message History

The adder is lightly wounded.
* * * LOW HITPOINT WARNING * * *
You feel sick. The adder bites you.
* * * LOW HITPOINT WARNING * * *
The adder bites you.
* * * LOW HITPOINT WARNING * * *
You are more poisoned.
The adder poisons you!
It was a potion of agility.
You feel agile all of a sudden.
* * * LOW HITPOINT WARNING * * *
You feel sick. The adder completely misses you.
It was a potion of berserk rage.
Your stasis prevents you from going berserk.
* * * LOW HITPOINT WARNING * * *
You feel sick. You block the adder's attack.
It was a potion of flight.
You feel very buoyant.
You fly up into the air.
You die...

####+## ### #.....# #.##########
##.....####..........#
###......#.##.#######.##
........................
......S.##.##.#########. #..#
#@##..#.#...#####. #..#
#.##..#.#.#.....#. #..#
#.........#.....#. #..#
####..#.###.....#. #..#
#..#.........+. #####..# #####
#..#####.....#. #......# #...#
#..# #.#####.
#......#####...####..#####.#####.
#....>.....'...+.............<...


You could see an adder.

Vanquished Creatures
  A leopard gecko (D:2)
  2 ball pythons (D:2)
  A giant cockroach (D:2)
  3 hobgoblins
  2 jackals (D:1)
  5 kobolds
  4 bats
  3 frilled lizards
  3 goblins
  6 rats
30 creatures vanquished.

Notes
Turn   | Place    | Note
-------+----------+-------------------------------------------
     0 | Abyss:1  | Descartes the Formicid Abyssal Knight began the quest for
                  | the Orb.
     0 | Abyss:1  | Reached XP level 1. HP: 18/18 MP: 2/2
    24 | D:1      | Escaped the Abyss
   411 | D:1      | Reached XP level 2. HP: 14/24 MP: 3/3
  1044 | D:2      | Reached skill level 1 in Dodging
  1086 | D:2      | Reached XP level 3. HP: 27/29 MP: 5/5
  1112 | D:2      | Reached ** piety under Lugonu
  1352 | D:2      | Found a hazy altar of Hepliaklqana.
  1538 | D:2      | Succumbed to an adder's poison

Levels and vault maps discovered:
D:1:      lightli_arrival_statue_moat, layout_loops_cross
D:2:      layout_basic, lemuel_coloured_pillars_altar, first_ration

Skill      XL: |  1  2 |
---------------+-------+-----
Dodging        | 1 |  1.0
Fighting       | |  3.6
Axes           | |  2.5
Armour         | |  2.4
Invocations    | |  2.8
Evocations     | |  0.1

Action                   || total
-------------------------++-------
Melee: Hand axe          ||    75
  Use: Potion            ||     3
  Eat: Chunk             ||     2
Armor: Leather armour    ||    22
Dodge: Dodged            ||    45
Block: Other             ||     2
